 Dungeon Crawl Stone Soup version 0.26-a0-752-gcff87cac9a (webtiles) character file.

Game seed: 14776448736301155936

7858 robertstho the Frost Mage (level 11, -3/81 HPs)
             Began as a Gnoll Ice Elementalist on Nov 6, 2020.
             Was a Believer of Sif Muna.
             Slain by a shadow (25 damage)
             ... on level 11 of the Dungeon.
             The game lasted 00:19:02 (11985 turns).

robertstho the Frost Mage (Gnoll Ice Elementalist) Turns: 11985, Time: 00:19:04

Health: -3/81      AC:  6    Str: 10    XL:     11   Next: 21%
Magic:  15/23      EV: 17    Int: 22    God:    Sif Muna [**....]
Gold:   277        SH:  0    Dex: 15    Spells: 11/26 levels left

rFire    . . .     SeeInvis .   s - +0 halberd (vorpal)
rCold    + . .     Faith    .   (shield currently unavailable)
rNeg     . . .     Spirit   .   y - +0 robe {MR+}
rPois    +         Reflect  .   u - +1 helmet
rElec    .         Harm     .   M - scarf {repulsion}
rCorr    .         Rampage  .   (no gloves)
MR       +....                  C - +0 pair of boots
Stlth    ++++......             (no amulet)
HPRegen  0.23/turn              t - ring of poison resistance
MPRegen  0.18/turn              n - ring of protection from cold

@: repel missiles
A: distributed training, fangs 1, strong nose
a: Channel Magic, Renounce Religion


You were on level 11 of the Dungeon.
You worshipped Sif Muna.
Sif Muna was pleased with you.
You visited 2 branches of the dungeon, and saw 12 of its levels.
You also visited: Ossuary.

You collected 669 gold pieces.
You spent 392 gold pieces at shops.

Inventory:

Hand Weapons
 b - a +4 scimitar of flaming
 s - a +0 vorpal halberd (weapon)
Missiles
 r - 50 poisoned darts (quivered)
Armour
 u - a +1 helmet (worn)
 y - a +0 robe of magic resistance (worn)
 C - a +0 pair of boots (worn)
 J - a +2 cloak of preservation
 M - a scarf of repulsion (worn)
Jewellery
 g - an uncursed ring of flight
 n - a ring of protection from cold (right hand)
 t - a ring of poison resistance (left hand)
 I - an uncursed ring of fire
 N - a +4 ring of protection {unknown}
Wands
 c - a wand of acid (14)
Scrolls
 d - a scroll of fog {unknown}
 f - 8 scrolls of remove curse
 h - 6 scrolls of teleportation {unknown}
 j - 4 scrolls of blinking {unknown}
 o - 6 scrolls of noise {unknown}
 q - a scroll of fear
 w - a scroll of acquirement {unknown}
 A - 3 scrolls of magic mapping {unknown}
 B - 3 scrolls of amnesia {unknown}
 D - a scroll of random uselessness {unknown}
 G - 3 scrolls of immolation
 H - a scroll of silence
 K - a scroll of enchant weapon {unknown}
Potions
 a - a potion of berserk rage {unknown}
 e - 4 potions of flight
 k - 3 potions of curing
 l - 4 potions of heal wounds
 m - a potion of ambrosia {unknown}
 p - 3 potions of cancellation
 v - 2 potions of might
 x - a potion of brilliance
 z - a potion of magic
 E - a potion of resistance
 F - 2 potions of haste
 L - a potion of mutation {unknown}
Miscellaneous
 i - a lightning rod (4/4)


   Skills:
 + Level 6.1 Fighting
 + Level 6.1 Short Blades
 + Level 6.1 Long Blades
 + Level 6.1 Axes
 + Level 6.1 Maces & Flails
 + Level 6.1 Polearms
 + Level 6.1 Staves
 + Level 6.1 Slings
 + Level 6.1 Bows
 + Level 6.1 Crossbows
 + Level 6.1 Throwing
 + Level 6.1 Armour
 + Level 7.7 Dodging
 + Level 7.4 Stealth
 + Level 6.1 Shields
 + Level 6.1 Unarmed Combat
 + Level 8.0 Spellcasting
 + Level 5.0 Conjurations
 + Level 5.0 Hexes
 + Level 5.0 Summonings
 + Level 5.0 Necromancy
 + Level 5.0 Translocations
 + Level 5.0 Transmutations
 + Level 5.0 Fire Magic
 + Level 8.8 Ice Magic
 + Level 5.0 Air Magic
 + Level 5.0 Earth Magic
 + Level 5.0 Poison Magic
 + Level 6.7 Invocations
 + Level 6.1 Evocations


You had 11 spell levels left.
You knew the following spells:

 Your Spells              Type           Power        Failure   Level
a - Freeze                Ice            ####         1%          1
b - Frozen Ramparts       Ice            #####.       1%          3
c - Ozocubu's Armour      Ice            #####...     1%          3
d - Hailstorm             Conj/Ice       #####...     4%          4
e - Summon Ice Beast      Ice/Summ       #####...     4%          4

Your spell library contained the following spells:

 Spells                   Type           Power        Failure   Level


Dungeon Overview and Level Annotations

Branches:
Dungeon (11/15)            Temple (1/1) D:5            Lair (0/6) D:11
Ossuary (visited)
    Orc: D:9-12

Altars:
Ashenzari
Kikubaaqudgha
Okawaru
Qazlal
Ru
Sif Muna
Uskayaw
Vehumet
Wu Jian
Xom

Shops:
D:4 ?   D:6 [   D:9 [

Annotations:
D:4 scroll shop
D:6 2 transporters 406 robe, Demosthentine's ghost, novice GrEE


Innate Abilities, Weirdness & Mutations

Your experience applies equally to all skills.
You have very sharp teeth.
Your uncanny sense of smell can sniff out nearby items.


Message History

The shadow flickers and vanishes!
Deactivating autopickup; reactivate with Ctrl-A.
Evoke which item? (* to show all) (? for menu, Esc to quit)
Attack whom?
Press: ? - help, Dir - move target cursor, f - you That would be overly suicidal.
Okay, then.
Evoke which item? (* to show all) (? for menu, Esc to quit)
Press: ? - help, Dir - move target cursor You reach to attack!
You miss something.
The shadow strikes at your ice beast from the darkness!
Your ice beast dies!
Unknown command.
Evoke which item? (* to show all) (? for menu, Esc to quit)
Press: ? - help, Shift-Dir - straight line Unknown command.
Evoke which item? (* to show all) (? for menu, Esc to quit)
Press: ? - help, Shift-Dir - straight line The shadow strikes at you from the darkness!
You die...

#.#................
#...........>......
#...............P..
#.....#...........#
###.....##...).....#
#
.##†...####.÷÷..###
#.# YY#.#..# #...#+#
#... #Y#†Y..+ #.(.#
#....#.#@...# #..<#
#..'.#....# #...#
#.'....# #...#
###....# +.(.#
.##### #.#.# #.
#.#)# .. #...# ...
#.... ... #....#


You could see a friendly ice beast (summoned).

Vanquished Creatures
  Erica (D:8)
  A death yak (D:11)
  A two-headed ogre (D:9)
  Pikel (D:9)
  An elephant (D:11)
  A hornet (D:11)
  Sigmund (D:3)
  3 yaks (D:11)
  A basilisk (D:11)
  A nameless horror (D:6)
  2 ice beasts
  6 orc warriors
  A sky beast (D:8)
  2 black bears
  A phantom (D:7)
  3 centaurs
  2 lemures (D:9)
  A big kobold (D:7)
  A wyvern zombie (D:10)
  A water moccasin zombie (D:8)
  A scorpion (D:5)
  5 killer bees (D:7)
  3 wights (D:6)
  2 howler monkeys
  4 centaur zombies
  A bullfrog zombie (D:10)
  2 hounds
  3 orc priests
  A bullfrog skeleton (D:10)
  A gnoll shaman (D:7)
  A human zombie (Ossuary)
  A jelly (D:10)
  4 orc wizards
  An iguana (D:10)
  6 worker ants
  4 big kobold zombies (Ossuary)
  A hound skeleton (D:7)
  2 mummies (Ossuary)
  14 gnolls
  5 adders
  2 shadow imps (D:9)
  2 white imps
  3 ufetubi
  An adder skeleton (D:5)
  A worm (D:2)
  3 dart slugs
  5 leopard geckos
  21 orcs
  A ball python (D:3)
  4 bats
  2 giant cockroaches
  10 goblins
  6 hobgoblins
  5 jackals (D:1)
  2 quokkas
  5 frilled lizards
  10 hobgoblin zombies (Ossuary)
  14 kobolds
  6 kobold zombies (Ossuary)
  13 orc zombies (Ossuary)
  A quokka skeleton (D:4)
  8 rats
219 creatures vanquished.

Vanquished Creatures (collateral kills)
  A cyclops (D:11)
  Maurice (D:9)
  Joseph (D:8)
  Grinder (D:5)
  2 yaks (D:11)
  A sky beast (D:6)
  An ice beast (D:7)
  2 phantoms
  An ogre (D:11)
  A killer bee (D:7)
  2 wights
  A jelly (D:7)
  An orc priest (D:7)
  An iguana (D:6)
17 creatures vanquished.

Grand Total: 236 creatures vanquished

Notes
Turn   | Place    | Note
-------+----------+-------------------------------------------
     0 | D:1      | robertstho the Gnoll Ice Elementalist began the quest for
                  | the Orb.
     0 | D:1      | Reached XP level 1. HP: 13/13 MP: 6/6
    89 | D:1      | Reached XP level 2. HP: 15/19 MP: 2/7
   606 | D:1      | You fall into a shaft and drop 1 floor!
   906 | D:2      | Reached XP level 3. HP: 21/25 MP: 9/9
   957 | D:2      | Learned a level 3 spell: Frozen Ramparts
   961 | D:2      | Learned a level 3 spell: Ozocubu's Armour
  1037 | D:2      | Reached skill level 5 in Spellcasting
  1234 | D:2      | Reached skill level 1 in Invocations
  1255 | D:2      | Reached skill level 1 in Fighting
  1255 | D:2      | Reached skill level 1 in Short Blades
  1255 | D:2      | Reached skill level 1 in Long Blades
  1255 | D:2      | Reached skill level 1 in Axes
  1255 | D:2      | Reached skill level 1 in Maces & Flails
  1255 | D:2      | Reached skill level 1 in Polearms
  1255 | D:2      | Reached skill level 1 in Staves
  1255 | D:2      | Reached skill level 1 in Slings
  1255 | D:2      | Reached skill level 1 in Bows
  1255 | D:2      | Reached skill level 1 in Crossbows
  1255 | D:2      | Reached skill level 1 in Throwing
  1255 | D:2      | Reached skill level 1 in Armour
  1255 | D:2      | Reached skill level 1 in Shields
  1255 | D:2      | Reached skill level 1 in Unarmed Combat
  1255 | D:2      | Reached skill level 1 in Evocations
  1345 | D:2      | Reached XP level 4. HP: 32/32 MP: 11/11
  2527 | D:3      | Reached skill level 1 in Conjurations
  2527 | D:3      | Reached skill level 1 in Hexes
  2527 | D:3      | Reached skill level 1 in Summonings
  2527 | D:3      | Reached skill level 1 in Necromancy
  2527 | D:3      | Reached skill level 1 in Translocations
  2527 | D:3      | Reached skill level 1 in Transmutations
  2527 | D:3      | Reached skill level 1 in Fire Magic
  2527 | D:3      | Reached skill level 1 in Air Magic
  2527 | D:3      | Reached skill level 1 in Earth Magic
  2527 | D:3      | Reached skill level 1 in Poison Magic
  2675 | D:3      | Noticed Sigmund
  2685 | D:3      | Killed Sigmund
  2685 | D:3      | Reached XP level 5. HP: 23/38 MP: 9/12
  2685 | D:3      | Reached XP level 6. HP: 27/44 MP: 10/14
  3150 | D:4      | Found Orimo's Magic Scroll Boutique.
  3159 | D:4      | Bought a scroll of fear for 49 gold pieces
  3159 | D:4      | Bought 2 scrolls of identify for 56 gold pieces
  3159 | D:4      | Bought a scroll of identify for 28 gold pieces
  3159 | D:4      | Bought a scroll of remove curse for 42 gold pieces
  3185 | D:4      | Reached skill level 5 in Dodging
  3192 | D:4      | Found a sand-covered staircase.
  3197 | Ossuary  | Entered an ossuary
  3296 | Ossuary  | Learned a level 4 spell: Hailstorm
  3301 | Ossuary  | Learned a level 4 spell: Summon Ice Beast
  3732 | Ossuary  | Reached XP level 7. HP: 50/50 MP: 15/15
  4592 | D:5      | Entered Level 5 of the Dungeon
  4635 | D:5      | Noticed Grinder
  4664 | D:5      | Killed Grinder
  4664 | D:5      | Reached skill level 5 in Stealth
  4890 | D:5      | Found a staircase to the Ecumenical Temple.
  4914 | D:5      | Reached XP level 8. HP: 37/57 MP: 16/16
  5101 | Temple   | Entered the Ecumenical Temple
  5128 | Temple   | Became a worshipper of Sif Muna the Loreminder
  5172 | D:5      | Found a broken altar of Ashenzari.
  5723 | D:6      | HP: 1/58 [wight/+0 scimitar (2)]
  5729 | D:5      | HP: 1/58 [wight/+0 scimitar (2)]
  6074 | D:6      | Noticed a nameless horror
  6080 | D:6      | Killed a nameless horror
  6514 | D:6      | Found a transporter.
  6515 | D:6      | Found a transporter.
  6515 | D:6      | Noticed Demosthentine's ghost (novice GrEE)
  6578 | D:6      | Found Norizil's Armour Shop.
  7020 | D:7      | Reached XP level 9. HP: 16/65 MP: 2/18
  7567 | D:7      | Reached * piety under Sif Muna
  8807 | D:4      | Bought a scroll of identify for 28 gold pieces
  8807 | D:4      | Bought a scroll of identify for 28 gold pieces
  8807 | D:4      | Bought a scroll of identify for 28 gold pieces
  8807 | D:4      | Bought a scroll of identify for 28 gold pieces
  8807 | D:4      | Bought a scroll of silence for 105 gold pieces
  8941 | D:8      | Noticed Erica
  8947 | D:8      | Killed Erica
  8947 | D:8      | Reached skill level 5 in Invocations
  9465 | D:8      | Reached XP level 10. HP: 73/73 MP: 16/20
  9622 | D:8      | Noticed Joseph
  9634 | D:8      | Killed Joseph
  9741 | D:9      | Noticed Maurice
  9748 | D:9      | Reached ** piety under Sif Muna
  9748 | D:9      | Reached skill level 5 in Fighting
  9748 | D:9      | Reached skill level 5 in Short Blades
  9748 | D:9      | Reached skill level 5 in Long Blades
  9748 | D:9      | Reached skill level 5 in Axes
  9748 | D:9      | Reached skill level 5 in Maces & Flails
  9748 | D:9      | Reached skill level 5 in Polearms
  9748 | D:9      | Reached skill level 5 in Staves
  9748 | D:9      | Reached skill level 5 in Slings
  9748 | D:9      | Reached skill level 5 in Bows
  9748 | D:9      | Reached skill level 5 in Crossbows
  9748 | D:9      | Reached skill level 5 in Throwing
  9748 | D:9      | Reached skill level 5 in Armour
  9748 | D:9      | Reached skill level 5 in Shields
  9748 | D:9      | Reached skill level 5 in Unarmed Combat
  9748 | D:9      | Reached skill level 5 in Evocations
  9750 | D:9      | Killed Maurice
 10001 | D:9      | Noticed Pikel
 10010 | D:9      | Killed Pikel
 10191 | D:9      | Noticed a two-headed ogre
 10198 | D:9      | Killed a two-headed ogre
 10469 | D:9      | Found Rerojuot's Antique Armour Shop.
 10793 | D:10     | Entered Level 10 of the Dungeon
 11594 | D:11     | Found a staircase to the Lair.
 11594 | D:11     | Noticed an elephant
 11594 | D:11     | Noticed a death yak
 11600 | D:11     | Noticed a cyclops
 11608 | D:11     | Killed an elephant
 11615 | D:11     | Killed a cyclops
 11618 | D:11     | Killed a death yak
 11618 | D:11     | Reached XP level 11. HP: 57/81 MP: 1/22
 11950 | D:11     | Reached skill level 5 in Conjurations
 11950 | D:11     | Reached skill level 5 in Hexes
 11950 | D:11     | Reached skill level 5 in Summonings
 11950 | D:11     | Reached skill level 5 in Necromancy
 11950 | D:11     | Reached skill level 5 in Translocations
 11950 | D:11     | Reached skill level 5 in Transmutations
 11950 | D:11     | Reached skill level 5 in Fire Magic
 11950 | D:11     | Reached skill level 5 in Air Magic
 11950 | D:11     | Reached skill level 5 in Earth Magic
 11950 | D:11     | Reached skill level 5 in Poison Magic
 11966 | D:11     | Paralysed by a hornet for 3 turns
 11985 | D:11     | Slain by a shadow

Illustrated notes

Levels and vault maps discovered:
D:1:      wheals_arrival_linesprint, layout_basic
D:2:      layout_loops_ring
D:3:      layout_basic, serial_park_tiny_pond, minmay_misc_feat_rows,
          uniq_sigmund
D:4:      layout_gridville, serial_shops, nicolae_shop_trees,
          nicolae_ossuary_entry_plus
D:5:      layout_loops_ring, ashenzari_conservatory_becter,
          minmay_temple_entry_tees, uniq_grinder
D:6:      layout_loops_ring, serial_shops, shop, gammafunk_ghost_mausoleum
D:7:      layout_basic
D:8:      layout_rooms, serial_curves, eino_curves_01, eino_curves_03,
          uniq_erica, uniq_joseph
D:9:      layout_loops_ring, serial_shops, shop, skrybe_limestone_x, uniq_pikel,
          uniq_maurice
D:10:     layout_small_grid
D:11:     layout_stronghold, david_lair_generic, minmay_holes
Temple:   regret_index_temple_sigil_plot

Skill      XL: |  1  2  3  4  5  6  7  8  9 10 11 |
---------------+----------------------------------+-----
Spellcasting   | 5 6 7 8 |  8.0
Invocations    | 1 2 3 4 5 6 |  6.7
Fighting       | 1 2 3 4 5 6 |  6.1
Short Blades   | 1 2 3 4 5 6 |  6.1
Long Blades    | 1 2 3 4 5 6 |  6.1
Axes           | 1 2 3 4 5 6 |  6.1
Maces & Flails | 1 2 3 4 5 6 |  6.1
Polearms       | 1 2 3 4 5 6 |  6.1
Staves         | 1 2 3 4 5 6 |  6.1
Slings         | 1 2 3 4 5 6 |  6.1
Bows           | 1 2 3 4 5 6 |  6.1
Crossbows      | 1 2 3 4 5 6 |  6.1
Throwing       | 1 2 3 4 5 6 |  6.1
Armour         | 1 2 3 4 5 6 |  6.1
Shields        | 1 2 3 4 5 6 |  6.1
Unarmed Combat | 1 2 3 4 5 6 |  6.1
Evocations     | 1 2 3 4 5 6 |  6.1
Conjurations   | 1 2 3 4 5 |  5.0
Hexes          | 1 2 3 4 5 |  5.0
Summonings     | 1 2 3 4 5 |  5.0
Necromancy     | 1 2 3 4 5 |  5.0
Translocations | 1 2 3 4 5 |  5.0
Transmutations | 1 2 3 4 5 |  5.0
Fire Magic     | 1 2 3 4 5 |  5.0
Air Magic      | 1 2 3 4 5 |  5.0
Earth Magic    | 1 2 3 4 5 |  5.0
Poison Magic   | 1 2 3 4 5 |  5.0
Dodging        | 5 6 7 |  7.7
Stealth        | 5 6 7 |  7.4
Ice Magic      | 8 |  8.8

Action                   |  1- 3 |  4- 6 |  7- 9 | 10-12 || total
-------------------------+-------+-------+-------+-------++-------
Melee: Dagger            |    63 |    60 |       |       ||   123
       Unarmed           |     1 |       |       |       ||     1
       Bite              |     7 |    14 |    26 |     6 ||    53
       Halberd           |       |   105 |   276 |    99 ||   480
 Cast: Freeze            |    23 |       |     1 |       ||    24
       Frozen Ramparts   |       |     9 |    27 |    20 ||    56
       Summon Ice Beast  |       |       |    22 |    19 ||    41
       Ozocubu's Armour  |       |       |     1 |       ||     1
       Hailstorm         |       |       |       |     4 ||     4
Invok: Channel Magic     |       |       |       |     2 ||     2
Evoke: Wand              |       |       |       |     2 ||     2
  Use: Scroll            |       |     4 |     8 |       ||    12
       Potion            |       |     1 |     5 |     1 ||     7
 Stab: Sleeping          |     7 |    11 |    11 |     2 ||    31
       Distracted        |       |       |     5 |       ||     5
Armor: Robe              |    16 |    35 |    59 |    15 ||   125
Dodge: Dodged            |    50 |   104 |   224 |    82 ||   460

Table legend: (Time is in decaauts)
 A = Elapsed time spent in this place.
 B = Non-inter-level travel time spent in this place.
 C = Inter-level travel time spent in this place.
 D = Time resting spent in this place.
 E = Time spent auto-exploring this place.
 F = Levels seen in this place.
 G = Mean time per level.
                   A        B        C        D        E       F      G
               +--------+--------+--------+--------+--------+-----+--------+
         Total |  12153 |  11390 |    763 |   1151 |   8265 |  13 |  934.8 |
       Dungeon |  11328 |  10577 |    751 |   1132 |   7739 |  11 | 1029.8 |
        Temple |     39 |     27 |     12 |      0 |     21 |   1 |   39.0 |
       Ossuary |    785 |    785 |      0 |     19 |    505 |   1 |  785.0 |
               +--------+--------+--------+--------+--------+-----+--------+

Top non-repeatable levels by time:
     D:7: 1899 daAuts
     D:5: 1276 daAuts
     D:2: 1231 daAuts
     D:1: 1141 daAuts
     D:6: 1125 daAuts
     D:9: 1075 daAuts
    D:10: 1003 daAuts
     D:8: 829 daAuts
     D:4: 795 daAuts
 Ossuary: 785 daAuts
     D:3: 742 daAuts
    D:11: 207 daAuts
  Temple: 39 daAuts
